 Dungeon Crawl Stone Soup version 0.18.1-50-g88ac8fd (webtiles) character file.

51 Gargoyl the Skirmisher (level 3, 0/29 HPs)
             Began as a Demonspawn Abyssal Knight on Sept 20, 2016.
             Was a Follower of Lugonu.
             Succumbed to an adder's poison
             ... on level 2 of the Dungeon.
             The game lasted 00:01:35 (1189 turns).

Gargoyl the Skirmisher (Demonspawn Abyssal Knight)  Turns: 1189, Time: 00:01:36

Health: 0/29       AC:  9    Str: 13    XL:     3   Next: 58%
Magic:  5/5        EV: 10    Int: 18    God:    Lugonu [*.....]
Gold:   121        SH:  2    Dex: 12    Spells: 0 memorised, 2 levels left

rFire  . . .     SeeInvis .     a - +1 hand axe
rCold  . . .     Gourm    .     e - +2 ring mail "Ihept" {rElec Int+5}
rNeg   . . .     Faith    .     (no shield)
rPois  .         Spirit   .     (no helmet)
rElec  +         Dismiss  .     (no cloak)
rCorr  .         Reflect  .     (no gloves)
SustAt .         Harm     .     (no boots)
MR     .....                    (no amulet)
Stlth  +.........               (no ring)
                                (no ring)

@: lethally poisoned (0 -> -4), not resistant to hostile enchantments, very
unstealthy
A: large bone plates 1
a: Depart the Abyss, Renounce Religion


You were on level 2 of the Dungeon.
You worshipped Lugonu.
Lugonu was aware of your devotion.
You were very hungry.

You visited 1 branch of the dungeon, and saw 2 of its levels.
You visited the Abyss 1 time.

You collected 121 gold pieces.

Inventory:

Hand Weapons
 a - a +1 hand axe (weapon)
Armour
 b - a +0 leather armour
 e - the +2 ring mail "Ihept" (worn) {rElec Int+5}
   (You found it on level 2 of the Abyss)

   It affects your intelligence (+5).
   It insulates you from electricity.
Scrolls
 d - 2 scrolls of enchant armour {unknown}
 g - a scroll of fear {unknown}
 h - 3 scrolls of identify {unknown}
 j - a scroll of fog {unknown}
Comestibles
 c - a bread ration
 f - 3 fruits
 i - 2 beef jerkies


   Skills:
 + Level 3.5 Fighting
 + Level 2.0 Axes
 * Level 2.6 Armour
 + Level 1.1 Dodging
 + Level 2.9 Invocations


You had 2 spell levels left.
You didn't know any spells.

Dungeon Overview and Level Annotations

Branches:
Dungeon (2/15)

Altars:


Innate Abilities, Weirdness & Mutations

You are partially covered in large bone plates (AC +2, SH +2).


Message History

You slash the adder!
You kill the adder!
Lugonu accepts your kill.
* * * LOW HITPOINT WARNING * * *
You feel sick.
You aren't carrying any potions.
Read which item? (? for menu, Esc to quit)
Okay, then.
* * * LOW HITPOINT WARNING * * *
You feel sick.
There is an open door, spattered with blood here.
* * * LOW HITPOINT WARNING * * *
You feel sick.
* * * LOW HITPOINT WARNING * * *
You feel sick.
* * * LOW HITPOINT WARNING * * *
You feel sick.
* * * LOW HITPOINT WARNING * * *
You feel sick.
You die...

.#..# #.# ....#
.#..# #.#.....+
.#..####.#.....#
<........'.....+
...#####.#.....###
...#####.#.....#..
.......#(#....(#.#
...#.###.#.....#.#
...#...#.'.....#@#
†....#####.....#.#
.##### ##.....#.#
.................#
.....#############
.....# .......
........ ........


There were no monsters in sight!

Vanquished Creatures
  3 adders (D:2)
  A worm (D:1)
  2 giant geckos (D:1)
  3 bats
  A giant cockroach (D:2)
  2 goblins
  3 hobgoblins (D:1)
  A giant newt (D:1)
  2 kobolds
  A rat (D:2)
19 creatures vanquished.

Notes
Turn   | Place    | Note
--------------------------------------------------------------
     0 | Abyss:1  | Gargoyl the Demonspawn Abyssal Knight began the quest for the Orb.
     0 | Abyss:1  | Reached XP level 1. HP: 18/18 MP: 2/2
   184 | Abyss:1  | Found a corrupted altar of Lugonu.
   320 | Abyss:2  | Noticed a large abomination
   329 | Abyss:2  | Got a scorched ring mail
   330 | Abyss:2  | Noticed an efreet
   330 | D:1      | Escaped the Abyss
   341 | D:1      | Identified the +2 ring mail "Ihept" {rElec Int+5} (You found it on level 2 of the Abyss)
   371 | D:1      | Reached skill level 1 in Dodging
   459 | D:1      | Gained mutation: You are partially covered in large bone plates (AC +2, SH +2). [demonic ancestry]
   459 | D:1      | Reached XP level 2. HP: 24/24 MP: 3/3
   899 | D:2      | Reached * piety under Lugonu
   899 | D:2      | Reached XP level 3. HP: 23/29 MP: 4/4
  1186 | D:2      | HP: 1/29 [poisoned by an adder]
  1189 | D:2      | Succumbed to an adder's poison

Skill      XL: |  1  2 |
---------------+-------+-----
Dodging        | 1 |  1.1
Armour         | 2 |  2.6
Axes           | 2 |  2.0
Fighting       | |  3.5
Invocations    | |  2.9

Action                   || total
-------------------------++-------
Melee: Hand axe          ||    83
Invok: Depart the Abyss  ||     1
Armor: Ring mail         ||    40
Dodge: Dodged            ||    57
Block: Other             ||     7
